 Dungeon Crawl Stone Soup version 0.26-a0-393-g67388ea477 (webtiles) character file.

Game seed: 7188110842387508948

11 KristoblXynda the Sneak (level 2, 0/16 HPs)
             Began as a Spriggan Delver on July 22, 2020.
             Slain by an orc
             ... wielding a +0 flail
              (2 damage)
             ... on level 5 of the Dungeon.
             The game lasted 00:00:51 (156 turns).

KristoblXynda the Sneak (Spriggan Delver)            Turns: 156, Time: 00:00:52

Health: 0/16       AC:  2    Str:  8    XL:     2   Next: 17%
Magic:  3/3        EV: 18    Int: 11    God:
Gold:   0          SH:  0    Dex: 17    Spells: 1/1 levels left

rFire    . . .     SeeInvis +   a - +0 short sword
rCold    . . .     Faith    .   (shield restricted)
rNeg     . . .     Spirit   .   b - +0 robe
rPois    .         Reflect  .   (helmet restricted)
rElec    .         Harm     .   (no cloak)
rCorr    .                      (gloves unavailable)
MR       .....                  (boots unavailable)
Stlth    ++++......             (no amulet)
HPRegen  0.05/turn              (no ring)
MPRegen  0.08/turn              (no ring)

@: very quick
A: very small, unfitting armour, see invisible, speed 3
a: no special abilities


You were on level 5 of the Dungeon.
You visited 1 branch of the dungeon, and saw 1 of its levels.

Inventory:

Hand Weapons
 a - a +0 short sword (weapon)
Armour
 b - a +0 robe (worn)
Wands
 g - a wand of digging (3)
 h - a wand of flame (12)
Scrolls
 c - a scroll of fog
 d - 3 scrolls of noise {unknown}
 e - a scroll of fear
 i - a scroll of amnesia {unknown}
Potions
 f - a potion of haste


   Skills:
 + Level 2.6 Fighting
 + Level 2.4 Short Blades
 + Level 3.3 Dodging
 + Level 7.4 Stealth


You had one spell level left.
You didn't know any spells.
Your spell library was empty.

Dungeon Overview and Level Annotations

Branches:
Dungeon (5/15)
 Temple: D:4-7

Altars:

Shops:
D:5 ([}


Innate Abilities, Weirdness & Mutations

You are very small and have problems with some larger weapons.
You are too small for most types of armour.
You have supernaturally acute eyesight. (SInv)
You cover ground extremely quickly.


Message History

You closely miss the quokka. The quokka closely misses you.
You hit the quokka.
The quokka is heavily wounded.
The quokka closely misses you.
The sky beast flickers out of sight for a moment.
The quokka misses you.
You open the door.
An orc comes into view. It is wielding a +0 flail.
The orc shouts!
You hear a shout!
The quokka completely misses you.
You hear a shout!
There is an open door here.
You close the door.
The orc hits you with a +0 flail.
* * * LOW HITPOINT WARNING * * *
The orc closely misses you.
You hit the orc.
The orc is lightly wounded.
The orc hits you with a +0 flail.
You die...

,,,,,,* #,* *,*#.,,..<,,*
*,,**** #.* *,*#.##.#,*,* **,*
##'#* #,**....#,*,* *,* ##...##
#.**....,,,,* *<*** ##.....##
#.###.###.#** *,*,**
##.......###.........#
*,,,,***#.........####...#######
*,,,,,,,'......o..+rY...........
*,,,,***#......@..####...###....
**,*,** ##.......## ##..# #....
,,,,** ##.....## #..# #..##
,,,,* ##...## #.## #..#∩
,,,,********##+#* #.# #..#'
,,,,,,,,,,,,,*,* #.# #....
,,,,,*******,*,* #.# #....
*,**,* *,*,** *,* #####
*,**,***** *,,,,** *,*


You could see an orc.

Vanquished Creatures
  An adder (D:5)
  An orc (D:5)
2 creatures vanquished.

Notes
Turn   | Place    | Note
-------+----------+-------------------------------------------
     0 | D:5      | KristoblXynda the Spriggan Delver began the quest for the
                  | Orb.
     0 | D:5      | Reached XP level 1. HP: 11/11 MP: 2/2
    17 | D:5      | Found Zialin's Gadget Shoppe.
    46 | D:5      | Found Mehaddyamm's Armour Emporium.
    67 | D:5      | Reached XP level 2. HP: 9/16 MP: 3/3
   125 | D:5      | Found Cuserul's Weapon Shop.
   138 | D:5      | Noticed a sky beast
   156 | D:5      | Slain by an orc

Illustrated notes

Levels and vault maps discovered:
D:5:      layout_loops_corners, serial_shops, shop, kennysheep_mini_moat, shop,
          nicolae_shop_overgrown_old_shop, shop, enter_ossuary_1

Action                   || total
-------------------------++-------
Melee: Short sword       ||    14
  Use: Scroll            ||     1
 Stab: Sleeping          ||     1
Armor: Robe              ||     1
Dodge: Dodged            ||    14

Table legend: (Time is in decaauts)
 A = Elapsed time spent in this place.
 B = Non-inter-level travel time spent in this place.
 C = Inter-level travel time spent in this place.
 D = Time resting spent in this place.
 E = Time spent auto-exploring this place.
 F = Levels seen in this place.
 G = Mean time per level.
                   A        B        C        D        E       F      G
               +--------+--------+--------+--------+--------+-----+--------+
         Total |    124 |    124 |      0 |     54 |      0 |   1 |  124.0 |
       Dungeon |    124 |    124 |      0 |     54 |      0 |   1 |  124.0 |
               +--------+--------+--------+--------+--------+-----+--------+

Top non-repeatable levels by time:
     D:5: 124 daAuts
